Map: Zielone pola

Players

MjNz - Winner!

  • Race: Terran Terran
  • Spawn Location: 12:00

JoEG - Winner!

  • Race: Protoss Protoss
  • Spawn Location: 3:00

serjant - Winner!

  • Race: Zerg Zerg
  • Spawn Location: 1:00

gfhybirf

  • Race: Terran Terran
  • Spawn Location: 9:00

Gracz

  • Race: Terran Terran
  • Spawn Location: 6:00

Suthape

  • Race: Protoss Protoss
  • Spawn Location: 7:00

VOD

Have the link to the VOD?

Description

Time

  • Played on: Feb. 24, 2016, 10:11 a.m.
  • Length: 21:09
Show
View Real Time Build Order
Export as new Build Order

MjNz Terran - Winner!

Build Orders: MMM Bio 

Get SALT Encoding   

  12  0:16  SCV  
  12  0:17  Supply Depot  
  13  0:23  Refinery  
  13  0:28  SCV  
  14  0:42  Barracks  
  14  0:45  SCV  
  15  0:58  SCV  
  15  1:00  Refinery  
  16  1:15  Engineering Bay  
  16  1:19  SCV  
  17  1:32  Barracks Reactor  
  17  1:47  Sensor Tower  
  17  1:56  Missile Turret  
  17  2:25  Barracks  
  17  2:27  Marine x2  
  17  3:09  Marine x2  
  16  3:36  Marine  
  17  3:52  SCV  
  17  3:54  Barracks Tech Lab  
  18  4:04  SCV  
  18  4:05  Marine x2  
  21  4:22  Stimpack  
  21  4:23  Factory, SCV  
  22  4:31  Barracks  
  22  4:40  Terran Infantry Weapons Level 1  
  22  4:50  Marine  
  23  5:06  Supply Depot  
  23  5:27  Marine  
  17  5:57  Marine x2  
  8  6:28  Marine x2  
  8  6:30  Combat Shields  
  8  6:32  Marauder  
  12  6:43  SCV  
  13  6:55  Marine  
  13  6:56  Marine  
  15  7:08  Marauder  
  18  7:09  Barracks Reactor  
  17  7:17  SCV  
  18  7:24  Command Center  
  18  7:30  SCV  
  19  7:41  Missile Turret  
  19  7:50  SCV  
  20  8:04  Missile Turret, Barracks Reactor  
  20  8:06  SCV  
  21  8:24  Marine x2  
  23  8:28  SCV  
  24  8:52  Marine x2  
  24  8:53  Marine x2  
  28  8:56  Marine  
  28  9:00  SCV  
  30  9:05  SCV  
  31  9:21  SCV  
  32  9:25  Marine x2  
  34  9:38  SCV  
  35  9:59  Marine x2  
  37  10:00  Marine x2  
  26  10:32  Engineering Bay  
  27  10:42  SCV  
  27  10:44  SCV  
  27  10:49  Siege Tank  
  31  10:56  SCV  
  32  11:09  Marine x2  
  32  11:10  Marine x4  
  38  11:16  Terran Infantry Armor Level 1, Sensor Tower  
  38  11:21  Engineering Bay  
  38  11:29  Armory  
  38  11:32  SCV  
  39  11:48  Marine x2  
  39  11:49  Marine x4  
  45  12:01  SCV  
  46  12:13  Orbital Command  
  46  12:16  Orbital Command  
  46  12:29  Supply Depot  
  46  12:50  Terran Infantry Weapons Level 2  
  46  13:11  Siege Tank  
  49  13:18  Marine x2  
  49  13:19  Marine x2  
  53  13:20  Marine  
  53  13:26  Supply Depot  
  54  13:47  Marine  
  55  13:53  Marine x2  
  55  13:54  Marine x2  
  59  14:36  Siege Tank  
  62  14:53  Starport, Terran Infantry Armor Level 2  
  62  15:04  Marine x4  
  66  15:27  Supply Depot  
  66  15:56  Marine x2  
  66  15:57  Marine x2  
  67  15:59  Terran Infantry Weapons Level 3  
  69  16:26  SCV  
  70  17:03  Supply Depot  
  70  17:05  Supply Depot  
  70  17:13  Barracks Reactor  
  70  17:24  Refinery  
  70  17:26  SCV  
  70  17:29  Refinery  
  71  17:30  Medivac x2  
  75  18:02  Medivac  
  75  18:03  Medivac, Marine x2  
  75  18:04  Marine x4  
  85  18:10  SCV  
  86  18:44  Marine x3  
  86  18:45  Marine x3  
  86  18:47  Medivac  
  94  18:54  Supply Depot  
  94  18:56  Supply Depot  
  94  19:16  Medivac, SCV  
  97  19:17  Supply Depot  
  66  20:47  Marine x3  
  66  20:48  Marine x3  
Show
View Real Time Build Order
Export as new Build Order

JoEG Protoss - Winner!

Build Orders:  

Get SALT Encoding   

  12  0:02  Probe (Chrono Boost)  
  13  0:16  Pylon  
  13  0:19  Probe (Chrono Boost)  
  14  0:29  Probe (Chrono Boost)  
  15  0:40  Probe (Chrono Boost)  
  16  0:43  Gateway  
  16  0:51  Probe (Chrono Boost)  
  17  0:58  Assimilator  
  17  1:01  Probe (Chrono Boost)  
  18  1:12  Probe (Chrono Boost)  
  19  1:23  Probe (Chrono Boost)  
  19  1:24  Assimilator  
  20  1:33  Probe (Chrono Boost)  
  20  1:38  Cybernetics Core  
  21  1:40  Zealot  
  23  1:47  Pylon  
  23  1:52  Pylon  
  23  2:05  Probe (Chrono Boost)  
  24  2:40  Stalker  
  26  2:48  Gateway  
  26  2:50  Gateway  
  26  2:52  Gateway  
  26  2:57  Pylon  
  26  2:58  Warp Gate (Chrono Boost)  
  26  3:32  Twilight Council  
  26  3:42  Stalker  
  26  3:43  Stalker x2  
  26  3:44  Stalker  
  26  3:47  Probe (Chrono Boost)  
  35  3:50  Pylon  
  35  4:02  Pylon  
  35  4:30  Dark Shrine  
  35  4:36  Robotics Facility  
  35  4:41  Robotics Facility  
  35  4:56  Pylon  
  35  4:59  Pylon  
  35  5:07  Forge  
  35  5:12  Stalker  
  37  5:32  Immortal  
  37  5:33  Immortal  
  45  5:40  Stalker  
  47  5:55  Photon Cannon  
  47  6:23  Stalker x3  
  53  6:43  Stalker  
  55  7:15  Stalker x2  
  57  7:16  Stalker  
  61  7:26  Robotics Bay  
  61  7:41  Observer x2  
  63  7:58  Dark Templar  
  63  7:59  Dark Templar  
  67  8:22  Colossus  
  73  9:05  Nexus  
  73  9:06  Colossus (Chrono Boost)  
  78  9:34  Pylon  
  78  9:35  Pylon  
  78  9:37  Pylon  
  64  10:41  Colossus (Chrono Boost)  
  76  10:48  Colossus (Chrono Boost)  
  76  11:00  Stalker x2  
  80  11:14  Stalker  
  80  11:16  Nexus  
  82  11:40  Dark Templar x2  
  86  11:54  Dark Templar  
  88  12:09  Zealot  
  69  14:38  Dark Templar x3  
Show
View Real Time Build Order
Export as new Build Order

serjant Zerg - Winner!

Build Orders: Hatch First 

Get SALT Encoding   

  12  0:02  Drone  
  13  0:10  Drone  
  14  0:19  Extractor  
  14  0:20  Extractor, Drone  
  13  0:23  Drone  
  16  0:47  Hatchery  
  15  0:51  Overlord  
  15  0:59  Extractor  
  14  1:10  Spawning Pool  
  13  1:11  Drone  
  13  1:14  Drone  
  15  1:19  Drone  
  16  1:26  Drone  
  17  1:37  Drone  
  18  1:45  Drone  
  19  1:57  Queen  
  21  2:02  Metabolic Boost  
  21  2:05  Queen  
  23  2:09  Zergling x2  
  23  2:11  Zergling x2  
  23  2:13  Zergling x2  
  26  2:21  Overlord  
  26  2:36  Zergling x2  
  28  2:37  Zergling x2  
  28  2:39  Overlord  
  28  3:12  Zergling x10  
  33  3:13  Zergling x2  
  34  3:44  Lair  
  34  3:47  Overlord x2  
  34  3:50  Drone x4  
  38  4:02  Drone x3  
  41  4:10  Baneling Nest  
  41  4:13  Extractor  
  41  4:15  Drone x3  
  41  4:17  Drone  
  43  4:27  Zergling x2  
  43  4:28  Zergling x6  
  47  4:40  Drone  
  48  4:51  Nydus Network  
  47  4:54  Drone x2  
  49  5:01  Zergling x6  
  49  5:02  Zergling x10  
  49  5:04  Baneling x3  
  49  5:05  Baneling x5  
  49  5:06  Baneling  
  57  5:26  Drone  
  57  5:27  Extractor, Drone x2  
  59  5:29  Extractor  
  59  5:30  Drone x2  
  59  5:33  Overlord x3  
  60  5:51  Queen  
  62  5:58  Baneling x5  
  62  5:59  Baneling x6  
  62  6:00  Baneling x2  
  62  6:04  Zergling x4  
  62  6:05  Zergling x6  
  64  6:51  Nydus Canal  
  62  7:25  Drone  
  62  7:26  Spire  
  62  7:28  Drone x4  
  62  7:29  Drone x5  
  71  7:30  Drone x2  
  71  7:36  Drone x2  
  71  7:37  Drone  
  76  7:46  Infestation Pit  
  76  7:47  Drone  
  76  7:48  Drone x2  
  78  8:00  Evolution Chamber  
  78  8:01  Overlord x3  
  78  8:02  Evolution Chamber  
  76  8:18  Extractor x2  
  74  8:21  Hatchery  
  74  8:26  Drone x3  
  76  8:28  Drone  
  76  8:29  Drone x2  
  76  8:32  Drone x3  
  82  8:49  Spore Crawler  
  82  8:52  Spore Crawler  
  80  9:06  Corruptor x5  
  80  9:07  Corruptor x2  
  94  9:14  Hive  
  94  9:25  Corruptor x2  
  94  9:31  Zerg Melee Weapons Level 1  
  98  9:34  Zerg Ground Armor Level 1  
  98  9:40  Queen  
  98  9:44  Drone  
  98  9:45  Drone  
  102  9:47  Overlord  
  102  9:52  Overlord  
  102  10:37  Corruptor x2  
  102  10:38  Corruptor x6  
  102  10:39  Corruptor  
  120  10:44  Greater Spire  
  120  10:49  Overlord x4  
  97  11:10  Corruptor x5  
  107  11:47  Corruptor x4  
  107  11:48  Corruptor x2  
  119  11:54  Drone  
  119  11:57  Drone x3  
  119  11:58  Overlord  
  123  12:13  Extractor  
  122  12:15  Hatchery  
  122  12:18  Extractor  
  122  12:19  Drone x3  
  122  12:22  Drone x2  
  125  12:23  Drone  
  125  12:25  Drone x3  
  125  12:26  Drone x5  
  125  12:27  Drone  
  135  12:32  Corruptor  
  135  12:37  Zerg Flyer Armor Level 1  
  137  12:47  Brood Lord x3  
  143  12:52  Corruptor  
  143  12:54  Corruptor  
  140  13:20  Brood Lord x4  
  148  14:01  Brood Lord x4  
  156  14:03  Zerg Melee Weapons Level 2  
  156  14:20  Corruptor x2  
  156  14:23  Zergling x10  
  156  14:24  Zergling x6  
  168  14:27  Overlord x4  
  168  14:28  Overlord x5  
  168  14:31  Zerg Flyer Weapons Level 1  
  135  21:00  Extractor  
  135  21:01  Extractor  
  135  21:03  Hatchery  
  132  21:07  Extractor x2  
  132  21:08  Hatchery  
Show
View Real Time Build Order
Export as new Build Order

gfhybirf Terran 

Build Orders:  

Get SALT Encoding   

  12  0:18  SCV  
  13  0:24  Supply Depot  
  13  0:30  SCV  
  14  0:42  SCV  
  15  0:58  Barracks  
  15  0:59  Barracks  
  15  1:01  SCV  
  16  1:13  SCV  
  17  1:28  Refinery  
  17  1:31  Refinery  
  17  1:40  SCV  
  17  1:43  Supply Depot  
  18  2:02  Marine  
  18  2:04  Marine  
  20  2:13  SCV  
  21  2:20  Marine  
  21  2:22  Marine  
  23  2:26  SCV  
  24  2:36  Factory  
  23  2:37  Marine  
  23  2:40  Marine  
  21  2:58  Marine  
  21  2:59  Marine  
  22  3:07  SCV  
  22  3:15  Factory  
  22  3:19  SCV  
  23  3:31  SCV  
  23  3:39  Factory Tech Lab  
  22  3:42  Starport  
  22  3:43  SCV  
  22  3:48  Starport  
  23  3:56  Supply Depot, SCV  
  23  4:01  Siege Tank  
  27  4:09  Factory Tech Lab  
  27  4:22  Medivac  
  29  4:25  Orbital Command  
  29  4:40  Engineering Bay  
  29  4:41  Siege Tank  
  32  5:00  Barracks  
  32  5:02  Medivac  
  34  5:09  Missile Turret  
  34  5:15  Missile Turret  
  34  5:19  Missile Turret  
  34  5:23  Marine  
  35  5:41  Marine  
  33  6:25  Siege Tank x2  
  39  6:34  Marine x2  
  39  6:35  Supply Depot  
  39  6:36  Supply Depot  
  38  6:47  Command Center  
  38  6:56  Medivac x2  
  41  7:17  Barracks Tech Lab  
  41  7:18  Barracks Tech Lab  
  41  7:20  Siege Tank x2  
  47  7:37  Marine  
  47  7:38  Marine  
  47  7:40  Combat Shields  
  49  7:53  Supply Depot  
  49  7:55  Supply Depot  
  49  7:56  Barracks  
  49  7:58  Barracks  
  49  8:07  Widow Mine x2  
  49  8:08  Marine x2  
  49  8:12  Stimpack  
  55  8:15  Starport Reactor  
  55  8:17  Supply Depot  
  55  8:26  Marine x2, Supply Depot x2  
  57  8:37  Medivac  
  59  8:46  Barracks Reactor  
  59  8:48  Barracks Reactor  
  59  8:56  SCV  
  59  8:59  Liberator  
  60  9:08  SCV  
  64  9:18  Marine  
  64  9:20  SCV  
  66  9:33  SCV  
  66  9:36  Marine  
  66  9:37  Missile Turret  
  68  9:45  SCV  
  69  9:53  Marine  
  69  9:57  Missile Turret  
  70  10:11  Marine  
  71  10:18  Missile Turret  
  58  10:29  Marine  
  39  10:38  Concussive Shells  
  39  10:41  Marine x2  
  39  10:42  Marine x2  
  43  10:45  Siege Tank x2  
  43  10:47  Medivac, Marauder  
  53  10:52  SCV  
  54  10:59  Marine x3  
  54  11:00  Marine  
  54  11:04  SCV, Terran Infantry Weapons Level 1  
  58  11:09  Marauder  
  61  11:16  SCV  
  61  11:17  Marine x2  
  64  11:20  Marine x3  
  67  11:28  SCV  
  67  11:30  Marauder  
  70  11:35  Marine x2  
  70  11:38  Marine x3  
  75  11:41  Siege Tank, SCV  
  79  11:52  Marine, Marauder  
  82  12:01  Refinery  
  82  12:03  Refinery  
  82  12:04  Command Center, Marauder  
  84  12:18  Medivac x2  
  88  12:30  Armory  
  88  12:49  Marauder x2  
  92  13:10  Marauder  
  94  13:31  Marauder  
  94  13:32  Marauder  
  94  13:33  Medivac x2  
  102  13:35  Siege Tank  
  102  13:39  SCV  
  106  13:51  SCV  
  107  14:05  Starport Tech Lab  
  95  14:51  Missile Turret  
  95  14:53  Missile Turret  
  95  14:54  Missile Turret x2  
  95  14:57  Marauder x2  
  95  14:58  Marine x4  
  103  15:15  Marine  
  103  15:18  Marauder  
  103  15:19  Marauder  
  108  15:40  Marauder  
  82  15:55  Medivac x2  
  82  15:56  Medivac  
  83  16:03  Siege Tank x2  
  89  16:06  Marauder  
  89  16:07  Marine x2, Marauder  
  95  16:11  Refinery  
  95  16:12  Refinery  
  95  16:16  Supply Depot  
  95  16:17  Supply Depot  
  95  16:18  Supply Depot  
  95  16:28  Marauder x2  
  99  16:36  Liberator  
  99  16:37  Liberator  
  99  16:38  Liberator  
  76  17:15  Marine x6  
  79  17:18  Widow Mine  
  79  17:19  Widow Mine  
  86  17:29  SCV  
  87  17:32  Marine  
  87  17:33  Marine x4  
  87  17:35  Orbital Command  
  92  17:41  SCV  
  99  17:47  Widow Mine x2  
  103  17:53  SCV  
  97  18:05  SCV  
  1  20:40  SCV  
Show
View Real Time Build Order
Export as new Build Order

Gracz Terran 

Build Orders:  

Get SALT Encoding   

  12  0:01  SCV  
  13  0:19  SCV  
  14  0:26  Refinery  
  14  0:31  SCV  
  15  0:43  Supply Depot  
  15  1:02  Supply Depot  
  15  1:04  SCV  
  16  1:16  Refinery, SCV  
  17  1:23  Barracks  
  17  1:28  SCV  
  18  1:41  SCV  
  18  1:42  Engineering Bay  
  19  1:53  SCV  
  20  2:10  Orbital Command  
  20  2:17  Barracks  
  20  2:18  Barracks Reactor  
  20  2:28  Factory  
  20  2:42  Sensor Tower  
  20  3:16  Barracks Tech Lab, Marine  
  20  3:18  Command Center  
  21  4:00  Factory Tech Lab  
  21  4:07  Starport  
  21  4:09  Marauder  
  23  4:10  Marine x2  
  25  4:27  Starport  
  25  4:39  Refinery  
  25  4:40  Orbital Command  
  25  4:47  Starport Tech Lab  
  25  4:53  Fusion Core  
  25  5:01  Armory  
  25  5:11  Starport Tech Lab  
  25  5:24  Starport  
  25  5:25  Banshee  
  28  5:38  SCV  
  29  5:49  SCV  
  30  5:50  SCV  
  31  6:01  SCV  
  31  6:02  SCV  
  33  6:06  Thor  
  33  6:08  Viking  
  41  6:15  SCV  
  42  6:27  SCV  
  43  6:39  SCV  
  44  6:45  Marine x2, Marauder  
  48  6:48  Battlecruiser  
  48  6:52  Starport Reactor  
  54  6:57  SCV  
  55  7:02  Supply Depot  
  55  7:09  SCV  
  55  7:15  Battlecruiser  
  62  7:23  Marine x2  
  62  7:28  Supply Depot  
  64  8:05  Siege Tank  
  67  8:10  Marine x2  
  69  8:14  Terran Vehicle And Ship Armor Level 1, Marauder  
  71  8:24  SCV  
  71  8:26  Refinery  
  72  8:28  Marine x2  
  74  8:36  SCV  
  75  8:44  Supply Depot  
  75  8:49  SCV  
  76  9:01  SCV  
  77  9:11  Supply Depot  
  77  9:12  Hellion  
  77  9:13  SCV  
  77  9:15  Weapon Refit  
  80  9:23  Battlecruiser  
  86  9:33  Hellion  
  88  9:38  Supply Depot  
  88  9:43  Banshee  
  91  9:51  Medivac  
  93  9:58  Behemoth Reactor  
  93  10:00  Medivac  
  95  10:09  Terran Vehicle Weapons Level 1  
  95  10:11  Supply Depot  
  95  10:22  Building Armor  
  95  10:44  Marine, Supply Depot  
  95  10:45  Marine  
  95  10:46  Marauder  
  95  10:47  Banshee  
  102  10:52  Banshee  
  99  11:08  Marauder  
  101  11:22  Supply Depot  
  101  11:29  Marauder  
  103  11:34  Medivac x2  
  103  11:37  Battlecruiser  
  113  11:51  Marauder  
  115  11:55  Barracks  
  115  11:59  Supply Depot  
  115  12:03  Terran Ship Weapons Level 1, Terran Infantry Weapons Level 1  
  35  13:23  Battlecruiser  
  30  14:19  Command Center  
  30  14:27  Battlecruiser  
  26  14:46  Marine  
  26  14:48  Siege Tank  
  20  15:00  Viking x2  
  2  17:04  Command Center  
  2  17:42  Supply Depot  
  2  17:55  Battlecruiser  
  8  18:23  Armory  
  8  18:26  SCV  
  9  18:32  Barracks  
  9  18:39  SCV  
  10  18:51  SCV  
  11  19:05  Starport  
  11  19:20  Starport  
  11  19:54  Factory  
  11  19:58  Fusion Core  
  11  20:05  Starport Tech Lab  
  11  20:57  Starport Tech Lab  
Show
View Real Time Build Order
Export as new Build Order

Suthape Protoss 

Build Orders:  

Get SALT Encoding   

  12  0:02  Probe (Chrono Boost)  
  13  0:15  Pylon  
  13  0:27  Pylon  
  13  0:41  Gateway  
  13  0:50  Assimilator, Probe (Chrono Boost)  
  14  1:03  Pylon  
  14  1:08  Pylon  
  14  1:14  Probe (Chrono Boost)  
  15  1:25  Probe (Chrono Boost)  
  16  1:29  Zealot  
  18  1:35  Probe (Chrono Boost)  
  18  1:37  Assimilator  
  19  1:52  Cybernetics Core  
  19  1:59  Probe (Chrono Boost)  
  20  2:04  Zealot  
  22  2:13  Probe (Chrono Boost)  
  23  2:28  Forge  
  23  2:33  Gateway  
  23  2:44  Twilight Council  
  23  2:57  Pylon  
  23  3:05  Mothership Core (Chrono Boost)  
  25  3:21  Stalker  
  25  3:23  Probe (Chrono Boost)  
  25  3:25  Zealot  
  30  3:34  Probe (Chrono Boost)  
  31  3:41  Charge  
  31  3:46  Probe (Chrono Boost)  
  32  4:17  Nexus  
  32  4:22  Pylon  
  32  4:36  Sentry  
  32  4:37  Stalker  
  36  4:48  Photon Cannon  
  36  5:05  Photon Cannon  
  36  5:15  Photon Cannon  
  36  5:20  Photon Cannon  
  36  5:30  Stalker  
  36  5:31  Pylon  
  38  5:38  Assimilator  
  38  5:40  Probe (Chrono Boost)  
  39  5:51  Assimilator, Probe (Chrono Boost)  
  40  6:00  Stalker  
  40  6:02  Zealot  
  44  6:11  Pylon  
  44  6:24  Photon Cannon  
  44  6:25  Probe (Chrono Boost)  
  45  6:35  Pylon, Probe (Chrono Boost)  
  46  6:46  Probe (Chrono Boost)  
  47  6:47  Blink  
  47  6:56  Probe (Chrono Boost)  
  47  6:58  Probe (Chrono Boost)  
  49  7:07  Probe (Chrono Boost)  
  51  7:08  Probe (Chrono Boost)  
  51  7:15  Templar Archives  
  51  7:18  Pylon  
  51  7:29  Pylon  
  51  7:34  Pylon  
  51  7:42  Robotics Facility  
  51  7:50  Dark Shrine  
  51  8:04  Gateway  
  51  8:11  Pylon  
  51  8:14  Psionic Storm  
  51  8:19  Protoss Ground Weapons Level 1  
  51  8:21  Protoss Air Weapons Level 1  
  51  8:31  Gateway  
  51  9:02  Stargate  
  51  9:04  Pylon  
  51  9:19  Probe (Chrono Boost)  
  52  9:29  Probe (Chrono Boost)  
  53  9:40  Probe (Chrono Boost)  
  53  9:44  Robotics Bay  
  53  9:45  Dark Templar  
  56  9:47  Stalker  
  56  9:51  Probe (Chrono Boost)  
  59  9:59  Stalker  
  61  10:01  Probe (Chrono Boost)  
  62  10:10  Zealot  
  62  10:13  Protoss Ground Armor Level 1  
  64  10:15  Protoss Air Armor Level 1  
  64  10:16  Stalker  
  66  10:23  Immortal  
  66  10:24  Zealot  
  72  10:29  Stalker  
  72  10:30  Void Ray  
  78  10:51  Dark Templar, Zealot  
  78  10:52  Dark Templar  
  62  11:02  Observer  
  61  11:23  Warp Prism  
  63  11:29  Probe (Chrono Boost)  
  65  11:40  Probe (Chrono Boost)  
  65  11:41  Photon Cannon  
  65  11:44  Pylon  
  65  11:47  Photon Cannon  
  65  11:50  Probe (Chrono Boost)  
  65  11:52  Photon Cannon  
  66  12:00  Pylon  
  66  12:01  Probe (Chrono Boost)  
  67  12:06  Photon Cannon  
  67  12:08  Photon Cannon  
  67  12:11  Probe (Chrono Boost)  
  67  12:14  Stalker, Photon Cannon  
  67  12:15  Stalker  
  72  12:16  Stalker  
  72  12:21  Stalker  
  72  13:07  Dark Templar  
  72  13:10  Dark Templar  
  76  13:17  Dark Templar  
  78  13:24  Dark Templar  
  80  14:30  Pylon  
  80  14:34  Photon Cannon  
  80  14:36  Photon Cannon  
  80  14:44  Photon Cannon  
  80  14:51  Stalker  
  80  14:52  Stalker  
  82  14:53  Stalker  
  82  14:55  Stalker  
  74  15:21  Stalker  
  71  15:33  Stalker  
  71  15:34  Stalker x2  
  69  15:51  Stalker  
  55  16:21  Nexus  
  20  17:03  Nexus  
  15  17:16  Pylon  
  15  17:19  Pylon  
  13  17:23  Pylon  
  13  17:34  Pylon  
  12  17:41  Pylon  
  12  17:47  Gateway  
  12  17:50  Pylon  
  12  17:53  Probe (Chrono Boost)  
  13  18:01  Pylon  
  13  18:03  Probe (Chrono Boost)  
  13  18:05  Pylon  
  14  18:10  Pylon  
  14  18:14  Probe (Chrono Boost)  
  14  18:17  Gateway  
  15  18:24  Probe (Chrono Boost)  
  16  18:35  Probe (Chrono Boost)  
  17  18:41  Probe (Chrono Boost)  
  17  18:45  Probe (Chrono Boost)  
  19  19:01  Zealot  
  14  19:10  Probe (Chrono Boost)  
  15  19:50  Probe (Chrono Boost)  
  16  20:00  Probe (Chrono Boost)  
  17  20:11  Probe (Chrono Boost)  
  10  20:31  Probe (Chrono Boost)  
  11  20:42  Probe (Chrono Boost)  
  12  20:52  Probe (Chrono Boost)  
Tags
 
Add a new tag
Caveats
  • Supply blocks, unpowered buildings, or Contaminate may cause inaccurate times.
  • Supply counts are checked every 10 seconds.